 Dungeon Crawl Stone Soup version 0.24-a0-778-g74da537585 (webtiles) character file.

Game seed: 9558586426748733304, levelgen mode: deterministic

156 Arixos the Magician (level 5, -1/28 HPs)
             Began as a Deep Elf Wizard on Oct 7, 2019.
             Was an Initiate of Vehumet.
             Shot with an arrow by a centaur (9 damage)
             ... on level 3 of the Dungeon.
             The game lasted 00:21:25 (3098 turns).

Arixos the Magician (Deep Elf Wizard)               Turns: 3098, Time: 00:21:25

Health: -1/28      AC:  8    Str:  7    XL:     5   Next: 15%
Magic:  10/14      EV: 17    Int: 24    God:    Vehumet [......]
Gold:   79         SH:  0    Dex: 13    Spells: 3/14 levels left

rFire    . . .     SeeInvis .   q - +2 morningstar (protect)
rCold    . . .     Gourm    .   (no shield)
rNeg     . . .     Faith    .   r - +2 animal skin
rPois    .         Spirit   .   s - +0 helmet
rElec    .         Reflect  .   (no cloak)
rCorr    .         Harm     .   b - +2 pair of gloves {Str+3}
MR       .....                  (no boots)
Stlth    ++........             k - amulet of magic regeneration
HPRegen  0.09/turn              i - ring of flight
MPRegen  0.39/turn              n - +4 ring of evasion

@: very slightly contaminated
A: no striking features
a: Renounce Religion, Evoke Flight


You were on level 3 of the Dungeon.
You worshipped Vehumet.
Vehumet was noncommittal.
You were hungry.

You visited 1 branch of the dungeon, and saw 3 of its levels.

You collected 79 gold pieces.

Inventory:

Hand Weapons
 q - a +2 morningstar of protection (weapon)
Armour
 b - a +2 pair of gloves of strength (worn)
 r - a +2 animal skin (worn)
 s - a +0 helmet (worn)
Jewellery
 i - a ring of flight (left hand)
 k - an amulet of magic regeneration (around neck)
 n - a +4 ring of evasion (right hand)
Scrolls
 a - a scroll of identify {unknown}
 e - 2 scrolls of teleportation {unknown}
 h - a scroll of enchant weapon {unknown}
 j - 2 scrolls of noise {unknown}
 l - a scroll of blinking {unknown}
 o - a scroll of amnesia {unknown}
Potions
 c - a potion of lignification {unknown}
 f - 3 potions of curing {unknown}
 g - a potion of brilliance {unknown}
 m - a potion of resistance {unknown}
 p - a potion of magic {unknown}
Comestibles
 d - 4 rations


   Skills:
 + Level 3.6 Dodging
 - Level 2.4 Stealth
 + Level 5.3 Spellcasting
 + Level 2.6 Conjurations
 + Level 1.5 Summonings
 + Level 1.6 Translocations
 + Level 1.1 Fire Magic
 + Level 1.3 Air Magic
 + Level 1.0 Poison Magic


You had 3 spell levels left.
You knew the following spells:

 Your Spells              Type           Power        Failure   Level  Hunger
a - Magic Dart            Conj           ###.         2%          1    None
c - Mephitic Cloud        Conj/Pois/Air  ##......     13%         3    ##.....
e - Blink                 Tloc           N/A          6%          2    None
f - Conjure Flame         Conj/Fire      ###.....     12%         3    ##.....
i - Call Imp              Summ           ##......     7%          2    None

Your spell library contained the following spells:

 Spells                   Type           Power        Failure   Level  Hunger
 Slow                     Hex            #.......     13%         2    None


Dungeon Overview and Level Annotations

Branches:
Dungeon (3/15)

Altars:
Gozag
Ru
Vehumet
Wu Jian
Xom


Message History

There is an open door here.
The centaur shoots an arrow.
The arrow completely misses you.
You see here an arrow.
You close the door.
A centaur opens the door.
The centaur shoots an arrow.
The arrow completely misses you.
You see here an arrow.
Casting: Blink (safe; 6% risk of failure)
Confirm with . or Enter, or press ? or * to list all spells.
You can't see any susceptible monsters within range! (Use Z to cast anyway.)
Casting: Blink (safe; 6% risk of failure)
Confirm with . or Enter, or press ? or * to list all spells.
Aiming: Mephitic Cloud (safe; 13% risk of failure)
Press: ? - help, Shift-Dir - straight line, p - centaur You miscast Mephitic Cloud.
You are very lightly contaminated with residual magic.
You feel faint for a moment.
The centaur shoots an arrow.
The arrow hits you.
* * * LOW HITPOINT WARNING * * *
The centaur shoots an arrow.
The arrow hits you!
You die...

#.# ..# #. #.# #. #.# #.
#.# #.#########.#######
######....5.............
..:......#######@#
.........'c....(.#
.........#########
.........# .......(.#
.........# .........#
w..c.....# ...?.....#


You could see a centaur and a friendly crimson imp.

Vanquished Creatures
  3 oozes
  5 dart slugs
  3 leopard geckos
  An orc (D:3)
  8 bats
  4 giant cockroaches
  7 hobgoblins
  3 jackals (D:2)
  4 kobolds
  A quokka (D:2)
  8 frilled lizards
  9 goblins
  4 rats
60 creatures vanquished.

Vanquished Creatures (collateral kills)
  An iguana (D:2)
  Natasha (D:2)
  Robin (D:2)
  3 adders (D:2)
  3 worms
  A leopard gecko (D:1)
  2 orcs (D:3)
  3 goblins (D:2)
  4 hobgoblins
  A jackal (D:2)
20 creatures vanquished.

Grand Total: 80 creatures vanquished

Notes
Turn   | Place    | Note
-------+----------+-------------------------------------------
     0 | D:1      | Arixos the Deep Elf Wizard began the quest for the Orb.
     0 | D:1      | Reached XP level 1. HP: 10/10 MP: 7/7
   632 | D:1      | Reached XP level 2. HP: 14/15 MP: 4/9
   636 | D:1      | Learned a level 2 spell: Blink
   639 | D:1      | Learned a level 2 spell: Call Imp
   919 | D:1      | Reached skill level 5 in Spellcasting
   919 | D:1      | Reached XP level 3. HP: 16/19 MP: 0/11
  1126 | D:1      | Learned a level 3 spell: Conjure Flame
  1130 | D:1      | Learned a level 3 spell: Mephitic Cloud
  1976 | D:2      | Found a shimmering altar of Xom.
  1976 | D:2      | Found a shimmering altar of Xom.
  1977 | D:2      | Found a shimmering altar of Xom.
  1978 | D:2      | Found a shimmering altar of Xom.
  2113 | D:2      | Reached XP level 4. HP: 24/24 MP: 10/13
  2138 | D:2      | Found an opulent altar of Gozag.
  2167 | D:2      | Noticed Natasha
  2167 | D:2      | Noticed Robin
  2188 | D:2      | Reached skill level 1 in Air Magic
  2277 | D:2      | Killed Natasha
  2355 | D:2      | Reached skill level 1 in Fire Magic
  2444 | D:2      | Reached skill level 1 in Poison Magic
  2455 | D:2      | Killed Robin
  2455 | D:2      | Reached XP level 5. HP: 27/28 MP: 5/14
  2729 | D:2      | Found a sacrificial altar of Ru.
  2730 | D:2      | Found an ornate altar of the Wu Jian Council.
  2730 | D:2      | Found a radiant altar of Vehumet.
  2738 | D:2      | Became a worshipper of Vehumet
  3068 | D:3      | Noticed a centaur
  3098 | D:3      | Shot with an arrow by a centaur

Levels and vault maps discovered:
D:1:      tarquinn_simple_flora_water_c, layout_loops_ring
D:2:      layout_basic, xom_redecorated, nicolae_overflow_crystal_walls,
          gammafunk_temple_overflow_forgotten, uniq_robin, uniq_natasha
D:3:      layout_basic, first_ration, uniq_grinder

Skill      XL: |  1  2  3  4 |
---------------+-------------+-----
Dodging        | 3 |  3.6
Conjurations   | 2 |  2.6
Spellcasting   | 5 |  5.3
Air Magic      | 1 |  1.3
Fire Magic     | 1 |  1.1
Poison Magic   | 1 |  1.0
Stealth        | |  2.4
Summonings     | |  1.5
Translocations | |  1.6

Action                   |  1- 3 |  4- 6 || total
-------------------------+-------+-------++-------
Melee: Unarmed           |    29 |     1 ||    30
 Cast: Magic Dart        |   103 |    49 ||   152
       Call Imp          |     6 |    19 ||    25
       Conjure Flame     |       |     3 ||     3
       Mephitic Cloud    |       |     2 ||     2
       Blink             |       |     4 ||     4
 Stab: Distracted        |     1 |       ||     1
       Confused          |       |     1 ||     1
  Eat: Chunk             |     4 |     2 ||     6
Armor: Robe              |    12 |     2 ||    14
       Animal skin       |       |     1 ||     1
Dodge: Dodged            |    38 |    23 ||    61

Table legend:
 A = Non-vault XP
 B = Vault XP
 C = Vault XP percentage of total XP
 D = Non-vault monster count
 E = Vault monster count
 F = Vault count percentage of total count
                 A         B        C        D         E       F
            +---------+---------+-------+---------+---------+-------
      Total |     181 |      43 |  19.2 |      66 |      14 |  17.5
            +---------+---------+-------+---------+---------+-------
        D:1 |      66 |       0 |   0.0 |      27 |       0 |   0.0
        D:2 |     102 |      43 |  29.7 |      33 |      14 |  29.8
        D:3 |      13 |       0 |   0.0 |       6 |       0 |   0.0
            +---------+---------+-------+---------+---------+-------
